 Dungeon Crawl Stone Soup version 0.23.1 (webtiles) character file.

Game seed: 15475129533885876973

17 Borgoz the Sneak (level 2, 0/22 HPs)
             Began as a Ghoul Enchanter on Mar 4, 2019.
             Slain by an adder (5 damage)
             ... on level 2 of the Dungeon.
             The game lasted 00:01:19 (1176 turns).

Borgoz the Sneak (Ghoul Enchanter)                  Turns: 1176, Time: 00:01:19

Health: 0/22       AC:  3    Str: 11    XL:     2   Next: 62%
Magic:  3/3        EV: 11    Int: 10    God:
Gold:   93         SH:  0    Dex:  9    Spells: 1/4 levels left

rFire    . . .     SeeInvis .   a - +1 dagger
rCold    + . .     Gourm    .   (no shield)
rNeg     + + +     Faith    .   f - +0 leather armour
rPois    ∞         Spirit   .   (no helmet)
rElec    .         Reflect  .   (no cloak)
rCorr    .         Harm     .   (no gloves)
MR       .....                  (no boots)
Stlth    ++........             (no amulet)
HPRegen  0.00/turn              (no ring)
MPRegen  0.08/turn              (no ring)

@: rotting
A: rotting body, claws 1, carnivore, cold resistance 1, negative energy
resistance 3, inhibited regeneration, torment resistance, unbreathing
a: no special abilities


You were on level 2 of the Dungeon.
You were hungry.

You visited 1 branch of the dungeon, and saw 2 of its levels.

You collected 93 gold pieces.

Inventory:

Hand Weapons
 a - a +1 dagger (weapon)
Armour
 f - a +0 leather armour (worn)
Scrolls
 b - a scroll of immolation {unknown}
 c - a scroll of identify {unknown}
 g - a scroll of fear {unknown}
Potions
 e - a potion of cancellation {unknown}
Comestibles
 d - 2 rations


   Skills:
 * Level 0.9 Fighting
 * Level 1.4 Short Blades
 * Level 2.1 Dodging
 + Level 3.4 Stealth
 - Level 1.7 Spellcasting
 - Level 2.4 Hexes


You had one spell level left.
You knew the following spells:

 Your Spells              Type           Power        Failure   Level  Hunger
a - Corona                Hex            #......      16%         1    ##.....
b - Ensorcelled Hibernat  Hex/Ice        #.....       36%         2    ###....

Your spell library contained the following spells:

 Spells                   Type           Power        Failure   Level  Hunger
 Confuse                  Hex            #.......     43%         3    ####...
 Tukima's Dance           Hex            #.......     43%         3    ####...
 Dazzling Spray           Conj/Hex       #.....       61%         3    ####...


Dungeon Overview and Level Annotations

Branches:
Dungeon (2/15)

Altars:


Innate Abilities, Weirdness & Mutations

Your body is rotting away.
You thrive on raw meat.
You are immune to poison.
You have sharp fingernails.
You are carnivorous and can eat meat at any time.
Your flesh is cold resistant. (rC+)
You are immune to negative energy. (rN+++)
You do not regenerate when monsters are visible.
You are immune to unholy pain and torment.
You can survive without breathing.


Message History

You hit the frilled lizard.
You kill the frilled lizard!
An adder comes into view.
The adder hisses angrily.
Found a mace.
The helpless worm fails to defend itself.
You puncture the worm!
The worm is heavily wounded.
The worm barely misses you.
You hit the worm.
The worm is severely wounded.
You hit the worm.
The worm is severely wounded.
The worm bites you. The adder completely misses you.
You hit the worm.
The worm is almost dead.
The adder bites you. The worm bites you!
* * * LOW HITPOINT WARNING * * *
The adder bites you.
You die...

..# ##<#.......
#.# #........#
##.## #..#.#####
#.####...###..#.#
#.............#.#
#####†....#..#.#
#........>###.#.#
#.##.##....#..#.#
# #..#...@#.#
#..##..S#
#..##..w#
#........<.#
#...........#
#..............
....##...#......
#..# #...#......
... #...#....).


You could see a worm and an adder.

Vanquished Creatures
  An ooze (D:1)
  A dart slug (D:1)
  A bat (D:1)
  A hobgoblin (D:1)
  A kobold (D:1)
  5 frilled lizards
  2 goblins (D:1)
12 creatures vanquished.

Notes
Turn   | Place    | Note
-------+----------+-------------------------------------------
     0 | D:1      | Borgoz the Ghoul Enchanter began the quest for the Orb.
     0 | D:1      | Reached XP level 1. HP: 14/14 MP: 2/2
   579 | D:1      | Reached skill level 1 in Short Blades
   617 | D:1      | Reached XP level 2. HP: 14/22 MP: 3/3
   627 | D:1      | Learned a level 2 spell: Ensorcelled Hibernation
  1176 | D:2      | Slain by an adder

Skill      XL: |  1 |
---------------+----+-----
Short Blades   | 1 |  1.4
Dodging        | 2 |  2.1
Fighting       | |  0.9
Stealth        | |  3.4
Spellcasting   | |  1.7
Hexes          | |  2.4

Action                   || total
-------------------------++-------
Melee: Dagger            ||    52
 Stab: Sleeping          ||     2
Armor: Leather armour    ||     9
       Robe              ||     1
Dodge: Dodged            ||    17
